Warning! The script has encountered some errors when parsing the replay. Please report them to the . » details
0x00, prev: 0x16: 16 02 01 00 E2 8F 00 00 F4 8F 00 00 [00] 00 00 00 00 00 00 00 00 00 00 00 00 00 00 00 00 00 00 00 00 00 00 00 00 00
0x00, prev: 0x00: 16 02 01 00 E2 8F 00 00 F4 8F 00 00 00 00 00 00 00 00 00 00 00 00 00 00 00 00 00 00 00 00 00 00 00 00 00 00 [00] 00
0x00, prev: 0x01: 16 02 01 00 75 96 00 00 72 22 04 00 00 00 00 00 00 00 00 00 00 00 00 00 00 00 00 00 00 00 00 00 00 00 00 00 01 [00]
0x00, prev: 0x02: 16 02 01 00 5E 92 00 00 37 02 04 00 00 00 00 00 00 00 00 00 00 00 00 00 00 00 00 00 00 00 00 00 00 00 00 00 02 [00] 07 1F 00 12 08 00 03 00 0D 00 FF FF FF FF FF FF FF FF 80 F8 9A 44 F0 04 7F 45 E5 86 00 00 E5 86 00 00
0x00, prev: 0x05: 16 02 01 00 1A 17 00 00 D0 97 04 00 00 00 00 00 00 00 00 00 00 00 00 00 00 00 00 00 00 00 00 00 00 00 00 00 05 [00] 03 1F 00 12 08 00 0F 00 0D 00 FF FF FF FF FF FF FF FF 28 4E 9D 44 6C B1 DB 43 FF FF FF FF FF FF FF FF
0x00, prev: 0x04: 16 02 01 00 B2 78 00 00 84 FF 05 00 00 00 00 00 00 00 00 00 00 00 00 00 00 00 00 00 00 00 00 00 00 00 00 00 04 [00]
General information
- name: BNet
- type: Ladder team game (AT/RT)
- host: Battle.net
- saver: HOUSEMASSER2
map: Battleground
- players: 8
- length: 26:20
- speed: Fast
- version: 1.23 W3XP
- replay type: Public
» download(130 KB)
Players
team 1 (loser)
wontonsaywhaa (
purple | 70 APM | 1299 actions | 18:38)
6 Death Knight
3 Death Coil
2 Unholy Aura
1 Animate Dead
» actions
| Basic commands | 63 | |
| Build / train | 65 | |
| Enter build submenu | 15 | |
| Enter hero's abilities submenu | 6 | |
| Remove unit from queue | 9 | |
| Right click | 640 | |
| Select / deselect | 460 | |
| Use ability | 41 | |
1299 total
» units
| Acolyte | 7 | |
| Ghoul | 31 | |
| Meatwagon | 8 | |
| Gargoyle | -5 | |
41 total
» upgrades
» buildings
| Ziggurat | 8 | |
| Altar of Darkness | 1 | |
| Crypt | 2 | |
| Graveyard | 1 | |
| Tomb of Relics | 1 | |
| Nerubian Tower | 2 | |
| Halls of the Dead | 1 | |
| Slaughterhouse | 3 | |
| Black Citadel | 1 | |
20 total
» build order
00:59 Ziggurat
01:00 Ziggurat
01:04 Altar of Darkness
01:07 Crypt
01:17 Graveyard
01:44 Tomb of Relics
02:02 Nerubian Tower
02:02 Nerubian Tower
02:20 Ziggurat
05:13 Halls of the Dead
06:04 Ziggurat
06:06 Ziggurat
07:40 Crypt
09:33 Slaughterhouse
09:34 Slaughterhouse
13:35 Slaughterhouse
15:12 Black Citadel
18:21 Ziggurat
» items

»
MiAisPro (
teal | 54 APM | 1008 actions | 18:38)
5 Keeper of the Grove
3 Entangling Roots
2 Thorns Aura
» actions
| Assign group hotkey | 20 | |
| Basic commands | 100 | |
| Build / train | 41 | |
| Enter build submenu | 19 | |
| Enter hero's abilities submenu | 7 | |
| Right click | 208 | |
| Select / deselect | 150 | |
| Select group hotkey | 437 | |
| Use ability | 26 | |
1008 total
» units
» upgrades
| Corrosive Breath | 1 | |
| Strength of the Wild | 2 | |
| Reinforced Hides | 2 | |
5 total
» buildings
| Moon Well | 11 | |
| Altar of Elders | 1 | |
| Ancient of Wonders | 1 | |
| Tree of Ages | 1 | |
| Hunter's Hall | 1 | |
| Ancient of Wind | 1 | |
| Tree of Eternity | 1 | |
| Chimaera Roost | 3 | |
20 total
» build order
00:25 Moon Well
00:37 Altar of Elders
01:35 Moon Well
01:47 Ancient of Wonders
02:31 Moon Well
02:48 Tree of Ages
02:58 Hunter's Hall
03:33 Moon Well
04:29 Moon Well
05:27 Ancient of Wind
06:14 Tree of Eternity
06:21 Moon Well
07:06 Moon Well
08:12 Moon Well
08:35 Moon Well
08:41 Chimaera Roost
08:45 Chimaera Roost
09:56 Moon Well
10:13 Chimaera Roost
12:22 Moon Well
LORDHOUSEHOUSE (
pink | 33 APM | 624 actions | 18:38)
1 Mountain King
1 Storm Bolt
» actions
| Assign group hotkey | 19 | |
| Basic commands | 70 | |
| Build / train | 37 | |
| Enter build submenu | 41 | |
| Enter hero's abilities submenu | 1 | |
| Right click | 116 | |
| Select / deselect | 176 | |
| Select group hotkey | 72 | |
| Use ability | 92 | |
624 total
» units
» buildings
| Altar of Kings | 1 | |
| Farm | 36 | |
| Lumber Mill | 1 | |
| Keep | 1 | |
| Arcane Vault | 1 | |
| Scout Tower | 12 | |
| Guard Tower | 4 | |
56 total
» build order
00:45 Altar of Kings
00:50 Farm
01:17 Farm
01:32 Farm
01:57 Farm
02:23 Farm
02:27 Farm
02:32 Farm
02:35 Farm
03:09 Farm
03:43 Farm
04:03 Farm
04:05 Farm
04:38 Farm
04:41 Farm
04:43 Farm
04:44 Farm
04:47 Farm
04:50 Farm
04:52 Farm
05:01 Farm
05:03 Farm
05:04 Farm
05:09 Farm
05:10 Farm
05:13 Farm
05:18 Farm
05:22 Farm
05:24 Farm
05:30 Farm
05:31 Farm
05:32 Farm
05:33 Farm
05:34 Farm
05:36 Farm
05:37 Farm
05:41 Lumber Mill
06:11 Farm
08:18 Keep
08:21 Arcane Vault
08:57 Scout Tower
09:00 Scout Tower
09:00 Scout Tower
09:01 Scout Tower
09:02 Scout Tower
09:02 Scout Tower
09:04 Scout Tower
09:05 Scout Tower
09:07 Scout Tower
09:07 Scout Tower
09:08 Scout Tower
09:10 Scout Tower
09:44 Guard Tower
09:45 Guard Tower
10:25 Guard Tower
10:26 Guard Tower

»
manaomi (
yellow | 52 APM | 967 actions | 18:38)
6 Priestess of the Moon
2 Searing Arrows
3 Trueshot Aura
1 Starfall
1 Pandaren Brewmaster
1 Drunken Brawler
» actions
| Basic commands | 44 | |
| Build / train | 72 | |
| ESC pressed | 4 | |
| Enter build submenu | 19 | |
| Enter hero's abilities submenu | 9 | |
| Give item / drop item | 1 | |
| Right click | 459 | |
| Select / deselect | 323 | |
| Use ability | 36 | |
967 total
» units
» upgrades
| Strength of the Moon | 3 | |
| Moon Armor | 3 | |
| Improved Bows | 1 | |
| Marksmanship | 1 | |
8 total
» buildings
| Altar of Elders | 1 | |
| Moon Well | 6 | |
| Ancient of War | 1 | |
| Ancient of Wonders | 1 | |
| Hunter's Hall | 1 | |
| Tree of Ages | 2 | |
| Ancient Protector | 1 | |
| Tree of Life | 4 | |
| Tree of Eternity | 1 | |
| Ancient of Wind | 2 | |
20 total
» build order
00:23 Altar of Elders
00:40 Moon Well
00:54 Ancient of War
02:00 Moon Well
02:24 Ancient of Wonders
03:11 Hunter's Hall
04:27 Tree of Ages
06:37 Moon Well
06:39 Moon Well
06:47 Ancient Protector
08:37 Tree of Life
09:45 Tree of Life
09:56 Moon Well
10:00 Moon Well
13:19 Tree of Ages
15:25 Tree of Life
16:00 Tree of Life
17:53 Tree of Eternity
18:21 Ancient of Wind
» items
| Potion of Healing | 2 | |
| Scroll of Town Portal | 2 | |
4 total
team 2 (winner)

»
xa-xa (
blue | 62 APM | 335 actions | 05:23)
1 Death Knight
1 Death Coil
» actions
| Assign group hotkey | 12 | |
| Basic commands | 5 | |
| Build / train | 36 | |
| Enter build submenu | 7 | |
| Enter hero's abilities submenu | 1 | |
| Right click | 94 | |
| Select / deselect | 114 | |
| Select group hotkey | 57 | |
| Use ability | 9 | |
335 total
» units
| Acolyte | 2 | |
| Ghoul | 4 | |
| Crypt Fiend | 13 | |
19 total
» upgrades
» buildings
| Crypt | 1 | |
| Altar of Darkness | 1 | |
| Ziggurat | 3 | |
| Graveyard | 1 | |
| Halls of the Dead | 1 | |
7 total
» build order
00:17 Crypt
00:20 Altar of Darkness
00:42 Ziggurat
01:06 Graveyard
01:45 Ziggurat
02:36 Halls of the Dead
04:02 Ziggurat

»
nignignignignig (
red | 47 APM | 830 actions | 17:28)
4 Mountain King
2 Storm Bolt
2 Bash
4 Paladin
1 Holy Light
2 Devotion Aura
1 Divine Shield
» actions
| Assign group hotkey | 19 | |
| Basic commands | 126 | |
| Build / train | 51 | |
| ESC pressed | 2 | |
| Enter build submenu | 24 | |
| Enter hero's abilities submenu | 8 | |
| Remove unit from queue | 2 | |
| Right click | 201 | |
| Select / deselect | 252 | |
| Select group hotkey | 101 | |
| Use ability | 44 | |
830 total
» units
| Peasant | 12 | |
| Rifleman | 9 | |
| Mortar Team | 5 | |
| Siege Engine | 2 | |
28 total
» upgrades
| Gunpowder | 1 | |
| Armor | 1 | |
| Fragmentation Shards | 1 | |
| Long Rifles | 1 | |
| Barrage | 1 | |
5 total
» buildings
| Altar of Kings | 1 | |
| Farm | 12 | |
| Blacksmith | 1 | |
| Barracks | 1 | |
| Keep | 1 | |
| Arcane Vault | 1 | |
| Scout Tower | 3 | |
| Lumber Mill | 1 | |
| Castle | 1 | |
| Workshop | 2 | |
| Guard Tower | 2 | |
| Altar of Darkness | 1 | |
| Black Citadel | 1 | |
| Arcane Sanctum | 1 | |
29 total
» build order
00:16 Altar of Kings
00:30 Farm
01:33 Blacksmith
01:38 Barracks
01:50 Farm
02:33 Farm
03:14 Farm
04:01 Farm
04:02 Keep
05:06 Arcane Vault
05:12 Scout Tower
05:51 Scout Tower
06:28 Scout Tower
06:34 Lumber Mill
06:45 Castle
06:53 Workshop
07:06 Guard Tower
07:23 Altar of Darkness
07:35 Guard Tower
07:43 Workshop
08:17 Farm
08:29 Black Citadel
08:54 Farm
09:31 Farm
10:26 Farm
13:01 Farm
13:47 Arcane Sanctum
14:00 Farm
14:43 Farm
» items
HOUSEMASSER2 (
orange | 38 APM | 712 actions | 18:39)
» actions
| Assign group hotkey | 2 | |
| Basic commands | 28 | |
| Build / train | 19 | |
| ESC pressed | 3 | |
| Enter build submenu | 86 | |
| Right click | 242 | |
| Select / deselect | 206 | |
| Select group hotkey | 2 | |
| Use ability | 124 | |
712 total
» units
» buildings
| Farm | 46 | |
| Ziggurat | 62 | |
| Town Hall | 2 | |
| Scout Tower | 3 | |
| Nerubian Tower | 2 | |
115 total
» build order
00:18 Farm
00:35 Farm
00:49 Farm
00:59 Farm
01:15 Farm
01:18 Farm
01:22 Farm
01:56 Farm
02:24 Farm
02:24 Farm
02:48 Farm
02:50 Farm
03:08 Farm
03:15 Farm
03:25 Farm
03:25 Farm
03:44 Farm
04:04 Farm
04:06 Farm
04:19 Farm
04:22 Farm
04:23 Farm
04:24 Farm
04:24 Farm
04:49 Farm
05:02 Farm
05:04 Farm
05:05 Farm
05:08 Farm
05:22 Farm
05:51 Farm
05:53 Farm
05:56 Farm
05:59 Farm
06:00 Farm
06:02 Farm
06:05 Farm
06:22 Ziggurat
06:23 Ziggurat
06:24 Ziggurat
06:24 Ziggurat
06:24 Ziggurat
06:25 Ziggurat
06:26 Ziggurat
06:40 Ziggurat
06:48 Farm
06:55 Farm
07:06 Ziggurat
07:07 Ziggurat
07:08 Ziggurat
07:46 Ziggurat
07:46 Ziggurat
07:47 Ziggurat
07:49 Ziggurat
07:50 Ziggurat
07:52 Ziggurat
08:32 Ziggurat
08:33 Ziggurat
08:42 Ziggurat
08:43 Ziggurat
08:43 Ziggurat
08:43 Ziggurat
08:55 Farm
09:08 Ziggurat
09:09 Ziggurat
09:47 Ziggurat
09:49 Ziggurat
09:54 Ziggurat
09:56 Ziggurat
10:07 Farm
10:20 Ziggurat
10:25 Ziggurat
11:10 Farm
11:13 Farm
12:06 Town Hall
12:12 Ziggurat
12:13 Ziggurat
12:13 Ziggurat
12:14 Ziggurat
12:15 Ziggurat
12:16 Ziggurat
12:16 Ziggurat
12:43 Ziggurat
12:44 Ziggurat
12:59 Scout Tower
13:16 Ziggurat
13:16 Ziggurat
15:38 Ziggurat
15:39 Ziggurat
15:40 Ziggurat
15:40 Ziggurat
15:41 Ziggurat
15:42 Ziggurat
15:43 Ziggurat
15:43 Ziggurat
15:44 Ziggurat
15:45 Ziggurat
15:46 Ziggurat
15:46 Ziggurat
15:48 Ziggurat
15:49 Ziggurat
16:41 Ziggurat
16:42 Ziggurat
17:54 Ziggurat
17:55 Ziggurat
17:56 Ziggurat
18:01 Farm
18:21 Farm
LORDHOUSECRAFTR (
green | 29 APM | 544 actions | 18:38)
1 Far Seer
1 Feral Spirit
» actions
| Assign group hotkey | 1 | |
| Basic commands | 2 | |
| Build / train | 43 | |
| ESC pressed | 6 | |
| Enter build submenu | 64 | |
| Enter hero's abilities submenu | 1 | |
| Remove unit from queue | 11 | |
| Right click | 132 | |
| Select / deselect | 200 | |
| Use ability | 84 | |
544 total
» units
| Peon | 23 | |
| Crypt Fiend | 1 | |
| Troll Batrider | -4 | |
20 total
» upgrades
| Spiked Barricades | 1 | |
| Ranged Weapons | 1 | |
2 total
» buildings
| Orc Burrow | 44 | |
| Altar of Storms | 1 | |
| War Mill | 1 | |
| Stronghold | 7 | |
| Great Hall | 1 | |
| Watch Tower | 2 | |
| Beastiary | 3 | |
| Voodoo Lounge | 1 | |
60 total
» build order
00:28 Orc Burrow
00:34 Altar of Storms
02:04 Orc Burrow
02:08 Orc Burrow
02:13 Orc Burrow
02:19 Orc Burrow
03:04 Orc Burrow
03:09 Orc Burrow
03:15 Orc Burrow
03:43 Orc Burrow
04:07 Orc Burrow
04:10 Orc Burrow
04:20 Orc Burrow
05:18 Orc Burrow
05:21 Orc Burrow
05:27 Orc Burrow
05:46 Orc Burrow
06:18 Orc Burrow
06:22 Orc Burrow
06:59 War Mill
07:13 Stronghold
07:25 Orc Burrow
07:32 Orc Burrow
07:57 Orc Burrow
08:24 Orc Burrow
08:28 Orc Burrow
08:39 Orc Burrow
08:45 Orc Burrow
09:24 Orc Burrow
09:35 Orc Burrow
09:42 Orc Burrow
10:31 Great Hall
14:33 Stronghold
15:14 Watch Tower
15:25 Orc Burrow
16:09 Beastiary
16:12 Beastiary
17:10 Beastiary
17:27 Voodoo Lounge
18:21 Orc Burrow
Chat log
(00:06 / Allies) LORDHOUSECRAFTR: suck im orc
(00:10 / All) HOUSEMASSER2: Oak is the best wood for this climate
(00:18 / All) manaomi: agreed
(00:32 / All) HOUSEMASSER2: It's a pity my race has no leader of builders
(00:40 / All) HOUSEMASSER2: So i shall choose no leader
(00:43 / All) HOUSEMASSER2: Anarchy shall prevail
(01:17 / All) LORDHOUSECRAFTR: SHITTY ORK
(02:06 / Allies) nignignignignig: ?
(02:11 / Allies) nignignignignig: really?
(02:12 / 7) HOUSEMASSER2: lets go make houses at the tavern
(02:37 / 7) HOUSEMASSER2: send some builders to tav
(02:52 / All) LORDHOUSECRAFTR: I am Lord House Crafter of the North
(02:59 / All) HOUSEMASSER2: i know your houses well, my lord
(03:05 / All) HOUSEMASSER2: shall we craft houses together in the middle lands?
(03:07 / All) nignignignignig: wtf are these kids..
(03:21 / All) manaomi: im just happy they arent on my team
(03:35 / All) nignignignignig: lmao just look at ojs base at the top..all farms i swear no units.
(03:36 / All) LORDHOUSECRAFTR: We hath many a lumber to build our houses
(03:46 / All) wontonsaywhaa: just like pink
(03:49 / All) HOUSEMASSER2: yae, i am ever a peaceful man
(03:51 / All) nignignignignig: green doing same thing with burrows at bottom lol
(03:57 / All) HOUSEMASSER2: yet i am not loath to rise the sharp instruemnt
(04:00 / All) HOUSEMASSER2: and fell it on the stury oak
(04:12 / 7) HOUSEMASSER2: bnigger
(04:26 / 8) LORDHOUSEHOUSE: rofl
(04:28 / All) HOUSEMASSER2: Come, warring allies!
(04:31 / All) wontonsaywhaa: lol
(04:31 / All) HOUSEMASSER2: my lands are udner siege!
(04:38 / All) HOUSEMASSER2: save my peaceful dwellers aat once
(04:43 / All) HOUSEMASSER2: and i shall ever house your elderly
(05:13 / All) LORDHOUSECRAFTR: Weather by the slow decay of time or by the power of my sword I shall avenge thee by building many a house more
(05:26 / All) wontonsaywhaa: lol
(05:29 / All) HOUSEMASSER2: alas the foes numbers are great
(05:31 / All) nignignignignig: wtf..
(05:32 / All) HOUSEMASSER2: and his sword are many
(05:46 / All) HOUSEMASSER2: this foe knoweth not the peaceful uses of the sharp, and the blunt violent Ones...
(05:55 / All) nignignignignig: i hate these kids lol
(07:15 / All) HOUSEMASSER2: we housecrafters have a saying
(07:20 / All) HOUSEMASSER2: let your mind ever work hard
(07:24 / All) HOUSEMASSER2: and your tools be ever worn
(07:48 / All) LORDHOUSECRAFTR: May the blessing of houses be with thou brothren
(08:27 / All) HOUSEMASSER2: Thee undead abode is hardly a house to wit, ye tit gives the gentle ones of that race, Comfort and Solafe
(08:47 / All) nignignignignig: i really do hate them.
(08:51 / All) wontonsaywhaa: bs them
(09:14 / All) LORDHOUSECRAFTR: What is this invasion thou hath brought upon our lands?
(09:26 / All) HOUSEMASSER2: It is not wise to harm a doctor, for you may need one in old age
(09:32 / All) HOUSEMASSER2: But what man does not need his house every day
(11:01 / Allies) HOUSEMASSER2: Sir nig, canst thou spare much gold for the conftruction of good Sturdy Houfes?
(11:22 / All) LORDHOUSECRAFTR: Wouldst thous allow me the peace i deserveth?
(11:29 / 7) HOUSEMASSER2: lol
(11:40 / All) LORDHOUSECRAFTR: I am Lord of Houses known far and wide
(11:47 / All) HOUSEMASSER2: Nay, for neither the rainf nore the Sunfhine affordeth peace tothe peaceful
(11:57 / All) LORDHOUSECRAFTR: i beesech thou let me live and prosper in housing
(12:37 / All) HOUSEMASSER2: Before thine Bitch of a Mother conceived thee in Shame, the Houfemafter was at his trade
(12:53 / All) HOUSEMASSER2: Tarry ho!
(13:51 / All) HOUSEMASSER2: Some houses bear arms, as the warrior s do
(14:01 / All) HOUSEMASSER2: A life for a loft
(14:13 / All) HOUSEMASSER2: Thou payest dearly now
(14:17 / All) HOUSEMASSER2: the taste of blood runs bitter
(14:19 / All) HOUSEMASSER2: as it is your own
(15:25 / All) HOUSEMASSER2: anon
(15:37 / 8) LORDHOUSEHOUSE: when i click on the tavern
(15:45 / 8) LORDHOUSEHOUSE: it says awaken ogre magi - kelv sternhammer
(15:52 / 8) LORDHOUSEHOUSE: it calls my mountain king an ogre magi
(15:54 / 8) LORDHOUSEHOUSE: ????
(15:58 / 7) HOUSEMASSER2: custom keys
(16:15 / All) HOUSEMASSER2: A mighty house indeed is the schloos
(16:21 / 8) LORDHOUSEHOUSE: how did your stuff die before
(16:22 / All) HOUSEMASSER2: better known as the castle to the Anglo race
(16:27 / 7) HOUSEMASSER2: they rushed me
(16:30 / 7) HOUSEMASSER2: with ghuls and archers
(16:36 / 8) LORDHOUSEHOUSE: oh
(16:46 / 8) LORDHOUSEHOUSE: i killed a mian on my team and that was about all i got done
(16:51 / 7) HOUSEMASSER2: lol
(16:54 / 7) HOUSEMASSER2: ur supposed to make houses
(16:56 / 7) HOUSEMASSER2: not take up arms
(17:06 / 8) LORDHOUSEHOUSE: you otld me to kill my team
(17:17 / 7) HOUSEMASSER2: ?
(17:20 / 7) HOUSEMASSER2: mayeb sasean did
(17:23 / 8) LORDHOUSEHOUSE: or sean did
(17:24 / 8) LORDHOUSEHOUSE: oh well
(17:27 / All) nignignignignig: was fun...
(17:45 / 8) LORDHOUSEHOUSE: look at bles base
(17:45 / 8) LORDHOUSEHOUSE: wtf
(17:51 / 7) HOUSEMASSER2: e left
(18:08 / Allies) HOUSEMASSER2: give nignig some gold
(18:21 / All) LORDHOUSECRAFTR: I shall mourn your insolence
(18:23 / All) HOUSEMASSER2: i bnuild myself a hosue of no time